 Dungeon Crawl Stone Soup version 0.24.0-13-gcf9b3192b9 (webtiles) character file.

Game seed: 12288586611406711512, levelgen mode: deterministic

3285 Midas the Covert (level 10, -1/76 HPs)
             Began as an Octopode Hunter on Nov 10, 2019.
             Was an Initiate of Gozag.
             Slain by a hog (11 damage)
             ... on level 6 of the Dungeon.
             The game lasted 00:24:22 (12190 turns).

Midas the Covert (Octopode Hunter)                 Turns: 12190, Time: 00:24:23

Health: -1/76      AC:  1    Str: 12    XL:     10   Next: 0%
Magic:  0/10       EV: 14    Int: 16    God:    Gozag
Gold:   624        SH:  0    Dex: 13    Spells: 9/9 levels left

rFire    . . .     SeeInvis .   a - +3 dagger
rCold    . . .     Gourm    .   (no shield)
rNeg     . . .     Faith    .   (helmet restricted)
rPois    .         Spirit   +   j - amulet of guardian spirit
rElec    .         Reflect  .   g - +1 ring of evasion
rCorr    .         Harm     .   v - +2 ring of slaying
MR       .....                  D - -2 ring of evasion (curse)
Stlth    ++++++....             (no ring)
HPRegen  0.22/turn              (no ring)
MPRegen  0.12/turn              (no ring)
                                (no ring)
                                (no ring)

@: about to teleport
A: almost no armour, stealthy swim, amphibious, 8 rings, constrict 8, camouflage
1, gelatinous body 1
a: Potion Petition, Call Merchant, Bribe Branch, Renounce Religion


You were on level 6 of the Dungeon.
You worshipped Gozag.
Gozag was pleased with you.
You were not hungry.

You visited 2 branches of the dungeon, and saw 8 of its levels.

You collected 1211 gold pieces.
You paid 587 gold pieces to Gozag.

Inventory:

Hand Weapons
 a - a +3 dagger (weapon)
 b - a +1 hand crossbow
 m - a +0 short sword
 z - a +2 dagger of holy wrath
 E - a +0 hunting sling
 F - a +2 spear of piercing
Missiles
 c - 32 bolts
 e - 213 stones
 t - 10 poisoned darts (quivered)
 G - 8 sling bullets
Jewellery
 g - a +1 ring of evasion (left tentacle)
 i - an uncursed amulet of magic regeneration
 j - an amulet of guardian spirit (around mantle)
 v - a +2 ring of slaying (right tentacle)
 D - a cursed -2 ring of evasion (on tentacle)
Wands
 w - a wand of digging (5)
Scrolls
 f - a scroll of remove curse
 h - 3 scrolls of teleportation
 l - a scroll of fog
 n - a scroll of enchant weapon {unknown}
 o - a scroll of immolation
 r - a scroll of random uselessness {unknown}
 y - a scroll of amnesia {unknown}
 A - a scroll of blinking {unknown}
 B - a scroll of noise {unknown}
 C - a scroll of silence {unknown}
Potions
 k - a potion of flight
 p - a potion of curing
 q - a potion of invisibility
 s - a potion of agility
 u - 2 potions of berserk rage {unknown}
 x - a potion of degeneration {unknown}
Comestibles
 d - 3 rations


   Skills:
 + Level 9.9 Fighting
 - Level 4.0 Crossbows
 + Level 4.8 Dodging
 - Level 12.0 Stealth


You had 9 spell levels left.
You didn't know any spells.
Your spell library was empty.

Dungeon Overview and Level Annotations

Branches:
Dungeon (7/15)             Temple (1/1) D:4

Altars:
Ashenzari
Dithmenos
Elyvilon
Gozag
Hepliaklqana
Kikubaaqudgha
Makhleb
Nemelex Xobeh
Qazlal
Ru
Trog
Wu Jian
Xom
Zin
The Shining One

Shops:
D:5 [   D:6 =

Annotations:
D:3 Grinder


Innate Abilities, Weirdness & Mutations

You cannot wear most types of armour.
You are very stealthy in the water. (Stealth+)
You are amphibious.
You can wear up to eight rings at the same time.
You can use your tentacles to constrict eight enemies at once.
Your skin changes colour to match your surroundings (Stealth+).
Your rubbery body absorbs attacks. (AC +1, EV +1)


Message History

The hog bites you! The hog barely misses you.
A mysterious force pulls you upwards. The hatch slams shut behind you.
As you read the scroll labeled MAFUIQ CAMUI, it crumbles to dust.
You feel strangely unstable.
It was a scroll of teleportation.
The hog bites you. The hog barely misses you.
a - a +3 dagger (weapon)
The hog bites you! The hog misses you.
You hit the hog. Your grab misses the hog.
The hog is heavily wounded.
The hog bites you. The hog barely misses you.
Unknown command.
You hit the hog. You grab the hog.
The hog is severely wounded.
You constrict the hog. The hog bites you!
* * * LOW HITPOINT WARNING * * *
The hog misses you. The hog bites you!
* * * LOW HITPOINT WARNING * * *
The hog bites you!
You die...
Your body crumbles into a pile of gold.

######### ###.......#
..........#
..#.###...###########
.##.##.........h@h..#
.##.###...#########.####
###.......# #.......#
######.## #.##.##.# #.#
#.##.##.# # ##+##
#.##.##.# # ##...##
#.##..#.# # ##.....##
#.###.#># # ##.......##
#.#.#.#.#


You could see 2 hogs.

Vanquished Creatures
  Joseph (D:7)
  2 hippogriffs (D:6)
  Sigmund (D:3)
  Eustachio (D:4)
  2 hogs (D:7)
  A human (D:7)
  Duvessa (D:5)
  3 ice beasts
  A centaur (D:7)
  An ogre (D:7)
  3 bullfrogs (D:6)
  Dowan (D:5)
  A water moccasin zombie (D:7)
  A scorpion (D:5)
  2 howler monkeys
  5 wights
  A crimson imp (D:3)
  A bullfrog skeleton (D:7)
  An orc priest (D:6)
  2 hounds
  A jelly (D:6)
  3 orc wizards
  An iguana (D:4)
  Natasha (thrice) (D:4)
  4 worker ants
  A killer bee zombie (D:6)
  Robin (D:4)
  6 adders
  3 shadow imps
  An ooze (D:4)
  An adder zombie (D:7)
  2 adder skeletons
  3 worms
  A dart slug (D:3)
  10 leopard geckos
  13 orcs
  3 giant cockroaches
  17 goblins
  12 hobgoblins
  8 jackals (D:3)
  4 kobolds
  3 quokkas
  9 bats
  4 frilled lizards
  3 rats
149 creatures vanquished.

Notes
Turn   | Place    | Note
-------+----------+-------------------------------------------
     0 | D:1      | Midas the Octopode Hunter began the quest for the Orb.
     0 | D:1      | Reached XP level 1. HP: 14/14 MP: 1/1
    54 | D:1      | Reached skill level 2 in Stealth
   347 | D:1      | Reached XP level 2. HP: 20/20 MP: 2/2
   954 | D:1      | Reached skill level 3 in Stealth
  1050 | D:2      | Reached XP level 3. HP: 25/25 MP: 3/3
  1795 | D:2      | Found a shadowy altar of Dithmenos.
  2139 | D:2      | Reached XP level 4. HP: 31/31 MP: 4/4
  2162 | D:2      | Reached skill level 4 in Stealth
  2277 | D:3      | Noticed Grinder
  2278 | D:3      | You fall into a shaft and drop 2 floors!
  2278 | D:5      | Entered Level 5 of the Dungeon
  2322 | D:5      | Found Igitoyfa's Antique Armour Shoppe.
  2378 | D:5      | Noticed Duvessa
  2379 | D:5      | Noticed Dowan
  2754 | D:4      | Found a staircase to the Ecumenical Temple.
  2766 | Temple   | Entered the Ecumenical Temple
  2818 | Temple   | Became a worshipper of Gozag Ym Sagoz the Greedy
  3065 | D:3      | Reached skill level 5 in Stealth
  3065 | D:3      | Reached XP level 5. HP: 37/37 MP: 5/5
  3192 | D:3      | Noticed Sigmund
  3209 | D:3      | Killed Sigmund
  3209 | D:3      | Reached skill level 6 in Stealth
  3209 | D:3      | Reached XP level 6. HP: 34/44 MP: 4/6
  3392 | D:3      | Found a glowing silver altar of Zin.
  3565 | D:3      | Found a faded altar of an unknown god.
  4068 | D:4      | Reached skill level 5 in Fighting
  4437 | D:4      | Noticed Natasha
  4444 | D:4      | Killed Natasha
  4459 | D:4      | Noticed Eustachio
  4471 | D:4      | Killed Eustachio
  4471 | D:4      | Reached skill level 7 in Stealth
  4471 | D:4      | Reached XP level 7. HP: 27/50 MP: 3/7
  4526 | D:4      | Noticed Robin
  4586 | D:4      | Killed Robin
  4766 | D:4      | Reached skill level 8 in Stealth
  5030 | D:4      | Noticed Natasha
  5053 | D:4      | Killed Natasha
  5252 | D:4      | Found a staircase to the Ecumenical Temple.
  5391 | D:4      | Noticed Natasha
  5397 | D:4      | Killed Natasha
  6082 | D:5      | Killed Duvessa
  6091 | D:5      | Killed Dowan
  6235 | D:5      | Reached XP level 8. HP: 58/58 MP: 8/8
  6256 | D:5      | Reached skill level 9 in Stealth
  6683 | D:6      | Reached skill level 10 in Stealth
  7346 | D:7      | Noticed a hippogriff
  8017 | D:6      | Killed a hippogriff
  8017 | D:6      | Reached skill level 11 in Stealth
  8017 | D:6      | Reached XP level 9. HP: 15/66 MP: 3/9
  8531 | D:7      | Noticed Joseph
 10066 | D:7      | Reached skill level 12 in Stealth
 10694 | D:7      | Found a sacrificial altar of Ru.
 11571 | D:7      | Killed Joseph
 12096 | D:7      | Reached XP level 10. HP: 62/76 MP: 7/10
 12190 | D:6      | Slain by a hog

Levels and vault maps discovered:
D:1:      ncdulo_halloftheorcs, layout_basic, serial_bayou_pond_b
D:2:      layout_basic, first_ration, nicolae_dithmenos_through_a_glass_darkly
D:3:      layout_basic, zin_treasury, chequers_ecumenical_altar_simple,
          uniq_sigmund, uniq_grinder
D:4:      wad_lake_hut, layout_rooms, temple_statues, minmay_strange_pillars,
          minmay_lizard_king, uniq_robin, uniq_natasha, uniq_eustachio
D:5:      layout_cave_pods, serial_shops, shop_coins, serial_glass,
          glass_columns_b, glass_columns_b, glass_columns_b, glass_columns_a,
          glass_columns_a, glass_columns_b, uniq_duvessa
D:6:      layout_loops_corners, minmay_hedge_maze
D:7:      layout_rooms, nicolae_ru_the_path_less_chosen, grunt_livestock,
          uniq_joseph
Temple:   cyrus_circular_temple

Skill      XL: |  1  2  3  4  5  6  7  8  9 |
---------------+----------------------------+-----
Stealth        | 2 3 5 6 7 8 11 12 | 12.0
Fighting       | 3 4 5 6 8 9 |  9.9
Dodging        | 4 |  4.8
Crossbows      | |  4.0

Action                   |  1- 3 |  4- 6 |  7- 9 | 10-12 || total
-------------------------+-------+-------+-------+-------++-------
Melee: Short sword       |    46 |       |     3 |       ||    49
       Constrict         |    14 |    28 |    30 |     1 ||    73
       Tentacles         |    14 |    24 |    33 |       ||    71
       Dagger            |    18 |   116 |   180 |     2 ||   316
 Fire: Hand crossbow     |       |       |   111 |     3 ||   114
Throw: Dart              |       |       |     5 |       ||     5
Invok: Call Merchant     |       |       |     1 |       ||     1
  Use: Scroll            |       |     5 |     7 |     1 ||    13
       Potion            |       |       |     1 |       ||     1
 Stab: Sleeping          |     9 |    11 |    13 |       ||    33
       Distracted        |       |       |     2 |       ||     2
  Eat: Chunk             |     2 |     3 |       |       ||     5
       Ration            |       |     2 |     7 |       ||     9
Armor: Skin              |     3 |     9 |    10 |       ||    22
Dodge: Dodged            |    40 |    83 |   160 |     6 ||   289
